 Dungeon Crawl Stone Soup version 0.31.0-9-g3a7656b989 (webtiles) character file.

Game seed: 11642275744630402993

448 qw the Skirmisher (level 6, -4/35 HPs)
             Began as a Deep Elf Hunter on Feb 2, 2024.
             Incinerated by a bombardier beetle (6 damage)
             ... with a burning spray
             ... on level 4 of the Dungeon.
             The game lasted 00:00:11 (2768 turns).

qw the Skirmisher (Deep Elf Hunter)                 Turns: 2768, Time: 00:00:12

Health: -4/35      AC:  8    Str: 10    XL:     6   Next: 73%
Magic:  8/8        EV: 11    Int: 14    God:
Gold:   104        SH:  0    Dex: 18    Spells: 5/5 levels left

rFire   . . .        a - +0 shortbow
rCold   . . .        (shield currently unavailable)
rNeg    . . .        k - +0 ring mail
rPois   .            h - +2 helmet
rElec   .            (no cloak)
rCorr   .            (no gloves)
SInv    .            (no boots)
Will    .....        e - amulet of regeneration
Stlth   +            (no ring)
HPRegen 1.05/turn    (no ring)
MPRegen 0.11/turn

%: no passive effects
@: on fire, glowing
A: no striking features
a: no special abilities


You were on level 4 of the Dungeon.
You visited 2 branches of the dungeon, and saw 5 of its levels.

You collected 134 gold pieces.
You spent 30 gold pieces at shops.


   Skills:
 - Level 2.0 Fighting
 + Level 10.0 Ranged Weapons
 - Level 1.3 Armour
 - Level 3.0 Dodging
 - Level 1.2 Stealth


You had 5 spell levels left.
You didn't know any spells.
Your spell library was empty.

Inventory:

Hand Weapons
 a - a +0 shortbow (weapon)
Armour
 h - a +2 helmet (worn)
 k - a +0 ring mail (worn)
Jewellery
 e - an amulet of regeneration (around neck)
Wands
 l - a wand of iceblast (10)
Scrolls
 c - a scroll of teleportation
Potions
 b - a potion of might
 g - a potion of cancellation
 i - a potion of degeneration {unknown}

Dungeon Overview and Level Annotations

Branches:
Dungeon (4/15)             Temple (1/1) D:4

Altars:
Ashenzari
Dithmenos
Elyvilon
Fedhas
Gozag
Hepliaklqana
Kikubaaqudgha
Makhleb
Ru
Trog
Uskayaw
Vehumet
Wu Jian
Xom
Zin

Shops:
D:3 =[=!

Annotations:
D:2 1 runed translucent door, Crazy Yiuf
D:3 2 runed translucent doors


Message History

You are covered in liquid fire!
You shoot an arrow. The arrow hits the bombardier beetle.
The bombardier beetle is moderately wounded.
The liquid fire burns you!
You shoot an arrow. The arrow hits the bombardier beetle.
The bombardier beetle is heavily wounded.
The liquid fire burns you!
You shoot an arrow. The arrow hits the bombardier beetle!
The bombardier beetle is almost dead.
The liquid fire burns you!
You shoot an arrow.
The arrow completely misses the bombardier beetle.
The liquid fire burns you!
The bombardier beetle sprays incendiary fluid at you.
The burning spray misses you.
You shoot an arrow.
The arrow hits the bombardier beetle but does no damage.
The bombardier beetle is almost dead.
The liquid fire burns you!
The bombardier beetle sprays incendiary fluid at you.
The burning spray misses you.
You shoot an arrow.
The arrow barely misses the bombardier beetle.
The liquid fire burns you!
You shoot an arrow. The arrow hits the bombardier beetle.
You kill the bombardier beetle!
The liquid fire burns you!
Your life force feels restored.
Your Armour skill increases to level 1!
You are on fire!
The liquid fire burns you!
You are on fire!
The liquid fire burns you!
You are on fire!
The liquid fire burns you!
You are on fire!
The liquid fire burns you!
You are on fire!
The liquid fire burns you!
You die...

#.####..#####.....# #.#
#.................# #.#
###.....####.##.## #.#
#.##.#####.##.# #.# #?
#..........# #.# #
#######.#### ###.# #.#
#...# ########.####
#.### #
....%.<@....####.#######
....#######.............
# ######.#.##### #.#.# #
#.#.# # #.#.#####
..#.##... ###.##.##
#.##.##


There were no monsters in sight!

Vanquished Creatures
  Sigmund (D:3)
  2 bombardier beetles (D:4)
  Terence (D:2)
  Jessica (D:2)
  Ijyb (D:3)
  2 orc wizards
  3 gnolls (D:3)
  An adder (D:2)
  A dart slug (D:1)
  A ribbon worm (D:3)
  6 orcs
  3 bats
  An endoplasm (D:1)
  2 giant cockroaches (D:1)
  4 goblins
  3 hobgoblins
  5 jackals
  6 kobolds
  4 ball pythons
  2 frilled lizards
  3 rats
53 creatures vanquished.

Notes
Turn   | Place    | Note
-------+----------+-------------------------------------------
     0 | D:1      | qw the Deep Elf Hunter began the quest for the Orb.
     0 | D:1      | Reached XP level 1. HP: 12/12 MP: 3/3
     0 | D:1      | 0 ||| qw: Version: 0.3-a-155-g5e7d8dd
     0 | D:1      | 0 ||| qw: Game counter: 454
     0 | D:1      | 0 ||| qw: Melee chars always use a shield: true
     0 | D:1      | 0 ||| qw: God list: Okawaru
     0 | D:1      | 0 ||| qw: Allow faded altars: false
     0 | D:1      | 0 ||| qw: Do Orc after clearing Dungeon:15 true
     0 | D:1      | 0 ||| qw: Do second Lair branch before Depths: true
     0 | D:1      | 0 ||| qw: Lair rune preference: random
     0 | D:1      | 0 ||| qw: Goals: Normal
     0 | D:1      | 0 ||| PLANNING D:1-11
   156 | D:1      | Reached skill level 6 in Ranged Weapons
   156 | D:1      | Reached XP level 2. HP: 16/16 MP: 4/4
   571 | D:1      | 571 ||| UPGRADING to +2 helmet.
   576 | D:1      | 576 ||| READING 2 scrolls labelled PEICUECVAEFI.
   576 | D:1      | 576 ||| IDENTIFYING viscous green potion
   577 | D:1      | 577 ||| READING scroll of identify.
   577 | D:1      | 577 ||| IDENTIFYING yellow potion
   578 | D:1      | 578 ||| READING scroll labelled JACOHUCR GIKE.
   579 | D:1      | 579 ||| DROPPING scroll of butterflies.
   580 | D:1      | 580 ||| DROPPING potion of ambrosia.
   632 | D:2      | Reached XP level 3. HP: 20/20 MP: 5/5
   635 | D:2      | Noticed Terence
   644 | D:2      | Killed Terence
   645 | D:2      | Reached skill level 7 in Ranged Weapons
   801 | D:2      | Found a burning altar of Makhleb.
   904 | D:2      | Found a runed translucent door.
   905 | D:2      | Noticed Crazy Yiuf
  1143 | D:2      | Noticed Jessica
  1148 | D:2      | Killed Jessica
  1149 | D:2      | Reached XP level 4. HP: 25/25 MP: 6/6
  1474 | D:2      | 1474 ||| UPGRADING to amulet of regeneration.
  1479 | D:2      | 1479 ||| READING scroll labelled MYNOGAGRUG.
  1480 | D:2      | 1480 ||| READING 3 scrolls labelled IJYMIGO UGOR.
  1581 | D:2      | 1581 ||| DROPPING 2 scrolls of silence.
  1646 | D:3      | Found Tizaa's Jewellery Shop.
  1653 | D:3      | 1653 ||| SHOPLISTING amulet of Unaiwkaa {Reflect Harm rCorr
                  | SH+5 Stlth+} (544 gold, have 47).
  1653 | D:3      | 1653 ||| SHOPLISTING amulet of reflection (360 gold, have
                  | 47).
  1653 | D:3      | 1653 ||| SHOPLISTING ring of positive energy (240 gold,
                  | have 47).
  1653 | D:3      | 1653 ||| SHOPLISTING ring of protection from cold (300
                  | gold, have 47).
  1653 | D:3      | 1653 ||| SHOPLISTING ring of protection from fire (300
                  | gold, have 47).
  1677 | D:3      | Found Ada Zoun's Distillery.
  1680 | D:3      | 1680 ||| BUYING potion of curing (30 gold).
  1680 | D:3      | Bought a potion of curing for 30 gold pieces
  1680 | D:3      | 1680 ||| SHOPLISTING potion of haste (100 gold, have 17).
  1680 | D:3      | 1680 ||| SHOPLISTING potion of heal wounds (50 gold, have
                  | 17).
  1680 | D:3      | 1680 ||| SHOPLISTING potion of resistance (100 gold, have
                  | 17).
  1682 | D:3      | Noticed Sigmund
  1692 | D:3      | Killed Sigmund
  1693 | D:3      | Reached skill level 9 in Ranged Weapons
  1693 | D:3      | Reached XP level 5. HP: 18/29 MP: 7/7
  1742 | D:3      | Found a large runed translucent door.
  1742 | D:3      | Found a large runed translucent door.
  1749 | D:3      | Found a hazy altar of Hepliaklqana.
  1759 | D:3      | Found an ancient bone altar of Kikubaaqudgha.
  1760 | D:3      | Found a burning altar of Makhleb.
  1804 | D:3      | Reached XP level 6. HP: 34/34 MP: 8/8
  1822 | D:3      | Reached skill level 3 in Dodging
  1870 | D:3      | Found Nempil's Antique Armour Boutique.
  1878 | D:3      | 1878 ||| SHOPLISTING pair of glowing gloves (172 gold, have
                  | 36).
  1878 | D:3      | 1878 ||| SHOPLISTING ring mail (92 gold, have 36).
  1878 | D:3      | 1878 ||| SHOPLISTING runed robe (85 gold, have 36).
  1878 | D:3      | 1878 ||| SHOPLISTING scale mail (92 gold, have 36).
  2013 | D:3      | Noticed Ijyb
  2017 | D:3      | 2017 ||| FLEEEEING.
  2018 | D:3      | 2018 ||| FLEEEEING.
  2018 | D:3      | HP: 2/34 [Ijyb/iceblast (11)]
  2019 | D:3      | 2019 ||| FLEEEEING.
  2020 | D:3      | 2020 ||| FLEEEEING.
  2021 | D:3      | 2021 ||| FLEEEEING.
  2022 | D:3      | 2022 ||| FLEEEEING.
  2031 | D:3      | Killed Ijyb
  2199 | D:3      | Found Yxkuq's Jewellery Shoppe.
  2201 | D:3      | 2201 ||| SHOPLISTING +4 ring of protection (504 gold, have
                  | 64).
  2201 | D:3      | 2201 ||| SHOPLISTING +4 ring of slaying (1092 gold, have
                  | 64).
  2201 | D:3      | 2201 ||| SHOPLISTING amulet of reflection (420 gold, have
                  | 64).
  2201 | D:3      | 2201 ||| SHOPLISTING ring of protection from fire (350
                  | gold, have 64).
  2292 | D:3      | Found an ornate altar of the Wu Jian Council.
  2412 | D:3      | Found a shimmering altar of Xom.
  2526 | D:3      | 2526 ||| UPGRADING to +0 ring mail.
  2536 | D:3      | 2536 ||| DROPPING +0 leather armour.
  2537 | D:3      | 2537 ||| READING scroll of identify.
  2537 | D:3      | 2537 ||| IDENTIFYING cyan potion
  2538 | D:3      | 2538 ||| READING scroll labelled SURIMO NOAMPUL.
  2590 | D:3      | 2590 ||| READING scroll labelled PYLOSONESU.
  2616 | D:4      | Found a staircase to the Ecumenical Temple.
  2617 | D:4      | 2617 ||| PLANNING TEMPLE
  2632 | Temple   | Entered the Ecumenical Temple
  2633 | Temple   | 2633 ||| PLANNING D:1-11
  2695 | D:4      | Reached skill level 10 in Ranged Weapons
  2695 | D:4      | 2695 ||| DRINKING 2 potions of curing.
  2695 | D:4      | 2695 ||| (to cure confusion)
  2710 | D:4      | 2710 ||| DRINKING potion of curing.
  2710 | D:4      | 2710 ||| (to cure confusion)
  2764 | D:4      | Reached skill level 1 in Armour
  2766 | D:4      | HP: 6/35 [burnt (4)]
  2767 | D:4      | HP: 1/35 [burnt (6)]
  2768 | D:4      | Incinerated by a bombardier beetle

Levels and vault maps discovered:
D:1:      minmay_arrival_three_doors, layout_loops_ring,
          hangedman_feature_mirror
D:2:      layout_loops_corners, basic_altar, kennysheep_doodads, uniq_jessica,
          uniq_terence, uniq_crazy_yiuf_cottage
D:3:      due_chaos_kobolds, layout_basic, overflow_temple_1_default,
          gammafunk_temple_overflow_forgotten, serial_shops,
          nicolae_shop_gaudy_bauble, nicolae_shop_hallway_stairs, shop, shop,
          uniq_ijyb, uniq_sigmund
D:4:      layout_loops_ring, nemelex_diamond_rough_becter,
          minmay_temple_entry_large_hall
Temple:   minmay_freezing_vapour_temple

Skill      XL: |  1  2  3  4  5  6 |
---------------+-------------------+-----
Ranged Weapons | 6 7 9 10 | 10.0
Dodging        | 3 |  3.0
Fighting       | 2 |  2.0
Armour         | 1 |  1.3
Stealth        | |  1.2

Action                     |  1- 3 |  4- 6 || total
---------------------------+-------+-------++-------
   Fire: Shortbow          |    80 |   131 ||   211
    Use: Scroll            |     3 |     5 ||     8
         Potion            |       |     2 ||     2
 Armour: Leather armour    |    12 |    27 ||    39
         Ring mail         |       |    14 ||    14
  Dodge: Dodged            |    22 |    28 ||    50

Table legend:
 A = Non-vault XP
 B = Vault XP
 C = Vault XP percentage of total XP
 D = Non-vault monster count
 E = Vault monster count
 F = Vault count percentage of total count
                 A         B        C        D         E       F
            +---------+---------+-------+---------+---------+-------
      Total |     296 |     345 |  53.8 |      47 |       6 |  11.3
            +---------+---------+-------+---------+---------+-------
        D:1 |      23 |       3 |  11.5 |      12 |       2 |  14.3
        D:2 |      29 |      75 |  72.1 |      10 |       2 |  16.7
        D:3 |     109 |     267 |  71.0 |      18 |       2 |  10.0
        D:4 |     135 |       0 |   0.0 |       7 |       0 |   0.0
            +---------+---------+-------+---------+---------+-------
